 Dungeon Crawl Stone Soup version 0.25.1-2-g60ff931df9 (webtiles) character file.

Game seed: 14143687600013944463

1600 BledDest the Frost Mage (level 8, -1/56 HPs)
             Began as a Demonspawn Ice Elementalist on July 29, 2020.
             Was a Follower of Vehumet.
             Slain by a bullfrog skeleton (6 damage)
             ... on level 5 of the Dungeon.
             The game lasted 00:12:58 (5222 turns).

BledDest the Frost Mage (DsIE)                      Turns: 5222, Time: 00:12:59

Health: -1/56      AC:  5    Str:  9    XL:     8   Next: 62%
Magic:  10/12      EV: 13    Int: 18    God:    Vehumet [*.....]
Gold:   185        SH:  0    Dex: 18    Spells: 9/13 levels left

rFire    x . .     SeeInvis .   C - +6 quarterstaff "Aguop" {vorpal, rElec Dex+4}
rCold    + + .     Gourm    .   (shield currently unavailable)
rNeg     . . .     Faith    .   a - +0 robe
rPois    .         Spirit   .   (helmet restricted)
rElec    +         Reflect  .   (no cloak)
rCorr    .         Harm     .   (no gloves)
MR       .....                  l - +2 pair of boots {run}
Stlth    ++........             (no amulet)
HPRegen  0.18/turn              h - ring of ice
MPRegen  0.13/turn              (no ring)

@: quick
A: antennae 2, claws 1, talons 1, cold resistance 1, freezing cloud immunity
a: Renounce Religion


You were on level 5 of the Dungeon.
You worshipped Vehumet.
Vehumet was aware of your devotion.
You were not hungry.

You visited 1 branch of the dungeon, and saw 5 of its levels.

You collected 185 gold pieces.

Inventory:

Hand Weapons
 g - a +2 short sword of venom
 m - a +1 mace of protection
 x - a +2 whip of freezing
 C - the +6 quarterstaff "Aguop" (weapon) {vorpal, rElec Dex+4}
   (You found it on level 4 of the Dungeon)

   It inflicts extra damage upon your enemies.
   It affects your dexterity (+4).
   It insulates you from electricity.
Missiles
 n - 10 poisoned darts (quivered)
Armour
 a - a +0 robe (worn)
 l - a +2 pair of boots of running (worn)
Jewellery
 d - an uncursed ring of fire
 h - a ring of ice (left claw)
 q - an uncursed ring of stealth {unknown}
Wands
 v - a wand of enslavement (11)
 w - a wand of flame (8)
 y - a wand of clouds (5)
Scrolls
 b - 2 scrolls of enchant weapon {unknown}
 e - 5 scrolls of teleportation {unknown}
 o - a scroll of remove curse {unknown}
 r - 4 scrolls of noise {unknown}
 s - 2 scrolls of blinking
 t - a scroll of random uselessness {unknown}
 z - 2 scrolls of immolation {unknown}
 A - 3 scrolls of amnesia {unknown}
 E - a scroll of identify
Potions
 f - 2 potions of mutation
 i - a potion of lignification {unknown}
 j - 7 potions of curing
 k - 3 potions of might
 p - a potion of heal wounds
 u - a potion of magic {unknown}
 B - a potion of flight {unknown}
 F - a potion of cancellation {unknown}
Comestibles
 c - 5 rations
 D - 6 chunks of flesh


   Skills:
 + Level 2.2 Fighting
 + Level 2.9 Dodging
 - Level 1.7 Stealth
 + Level 3.0 Spellcasting
 + Level 9.8 Ice Magic


You had 9 spell levels left.
You knew the following spells:

 Your Spells              Type           Power        Failure   Level  Hunger
a - Freeze                Ice            ####         1%          1    None
b - Frozen Ramparts       Ice            ######       1%          3    ###....

Your spell library contained the following spells:

 Spells                   Type           Power        Failure   Level  Hunger
 Foxfire                  Conj/Fire      #...         16%         1    None
 Ozocubu's Armour         Chrm/Ice       ####....     6%          3    ###....
 Hailstorm                Conj/Ice       ####....     22%         4    ####...
 Summon Ice Beast         Ice/Summ       ####....     22%         4    ####...


Dungeon Overview and Level Annotations

Branches:
Dungeon (5/15)
 Temple: D:4-7

Altars:
Nemelex Xobeh
Trog
Uskayaw
Vehumet


Innate Abilities, Weirdness & Mutations

You have a pair of antennae on your head.
You have sharp fingernails.
You have sharp toenails.
Your flesh is cold resistant. (rC+)
You are immune to freezing clouds.


Message History

The bullfrog skeleton hits you.
* * * LOW HITPOINT WARNING * * *
The bullfrog skeleton hits you but does no damage.
You hit the bullfrog skeleton.
The bullfrog skeleton is heavily damaged.
The bullfrog skeleton misses you.
You barely miss the bullfrog skeleton.
The bullfrog skeleton is heavily damaged.
The bullfrog skeleton closely misses you.
The bullfrog skeleton hits you.
* * * LOW HITPOINT WARNING * * *
You sock the bullfrog skeleton!
The bullfrog skeleton is almost destroyed.
The bullfrog skeleton hits you but does no damage.
The bullfrog skeleton hits you.
* * * LOW HITPOINT WARNING * * *
You hit the bullfrog skeleton but do no damage.
The bullfrog skeleton is almost destroyed.
The bullfrog skeleton hits you.
You die...

##### #....####
........### ###
..........### #...
............# #...
............# ..#
........Z...# .#
.......@....# #
............# #
...........## #
..........## ####
## ###......##
##..#### .#
#####.##
##......### .#
#..###.........#
.#
#..##..........#.
.#
##...............#


You could see a bullfrog skeleton.

Vanquished Creatures
  Pikel (D:4)
  Grinder (D:4)
  Eustachio (D:5)
  Menkaure (D:4)
  2 slaves (D:4)
  2 ogres
  A centaur (D:5)
  A bullfrog skeleton (D:5)
  An orc priest (D:3)
  4 orc wizards
  2 iguanas
  2 worker ants
  A hound skeleton (D:4)
  4 adders
  2 oozes
  An adder skeleton (D:4)
  2 worms
  A dart slug (D:4)
  A leopard gecko (D:1)
  11 orcs
  2 ball pythons
  7 giant cockroaches
  6 hobgoblins
  4 jackals (D:1)
  10 kobolds
  2 quokkas (D:2)
  2 bats
  A frilled lizard (D:4)
  7 goblins
  A jackal zombie (D:5)
  9 rats
93 creatures vanquished.

Notes
Turn   | Place    | Note
-------+----------+-------------------------------------------
     0 | D:1      | BledDest the Demonspawn Ice Elementalist began the quest
                  | for the Orb.
     0 | D:1      | Reached XP level 1. HP: 13/13 MP: 3/3
   274 | D:1      | Reached skill level 4 in Ice Magic
   306 | D:1      | Gained mutation: Your flesh is cold resistant. (rC+)
                  | [demonic ancestry]
   306 | D:1      | Reached XP level 2. HP: 19/19 MP: 3/5
  1119 | D:1      | Gained mutation: You have a pair of small antennae on your
                  | head. [demonic ancestry]
  1119 | D:1      | Reached XP level 3. HP: 24/24 MP: 6/6
  1264 | D:1      | Identified a +2 pair of boots of running (You found it on
                  | level 1 of the Dungeon)
  1409 | D:2      | Noticed an ogre
  2141 | D:2      | Killed an ogre
  2141 | D:2      | Reached skill level 5 in Ice Magic
  2141 | D:2      | Gained mutation: You have sharp fingernails. [demonic
                  | ancestry]
  2141 | D:2      | Reached XP level 4. HP: 30/30 MP: 1/7
  2254 | D:2      | Gained mutation: You have sharp toenails. [demonic
                  | ancestry]
  2254 | D:2      | Reached XP level 5. HP: 21/35 MP: 2/8
  2658 | D:3      | Found a radiant altar of Vehumet.
  2667 | D:3      | Became a worshipper of Vehumet
  2672 | D:3      | Reached skill level 6 in Ice Magic
  2684 | D:3      | Learned a level 3 spell: Frozen Ramparts
  3145 | D:3      | Gained mutation: You are immune to freezing clouds.
                  | [demonic ancestry]
  3145 | D:3      | Reached XP level 6. HP: 39/41 MP: 5/9
  3222 | D:3      | Found a sparkling altar of Nemelex Xobeh.
  3472 | D:4      | Reached skill level 7 in Ice Magic
  3640 | D:4      | Reached * piety under Vehumet
  3640 | D:4      | Offered knowledge of Foxfire by Vehumet.
  3921 | D:4      | Noticed Menkaure
  3928 | D:4      | Killed Menkaure
  3928 | D:4      | Reached skill level 8 in Ice Magic
  3928 | D:4      | Gained mutation: You have a pair of antennae on your head.
                  | [demonic ancestry]
  3928 | D:4      | Reached XP level 7. HP: 19/46 MP: 4/10
  4111 | D:4      | Found a hide-covered altar of Uskayaw.
  4161 | D:4      | Noticed Pikel
  4181 | D:4      | Killed Pikel
  4181 | D:4      | Reached skill level 9 in Ice Magic
  4181 | D:4      | Reached XP level 8. HP: 22/52 MP: 4/11
  4382 | D:4      | Found a bloodstained altar of Trog.
  4504 | D:4      | Noticed Grinder
  4542 | D:4      | Killed Grinder
  4542 | D:4      | Reached skill level 1 in Fighting
  4549 | D:4      | Got a transparent quarterstaff
  4550 | D:4      | Identified the +6 quarterstaff "Aguop" {vorpal, rElec
                  | Dex+4} (You found it on level 4 of the Dungeon)
  4906 | D:5      | Entered Level 5 of the Dungeon
  4906 | D:5      | Noticed Eustachio
  4926 | D:5      | Killed Eustachio
  5222 | D:5      | Slain by a bullfrog skeleton

Illustrated notes

Levels and vault maps discovered:
D:1:      dpeg_arrival_rooms_b, layout_basic
D:2:      layout_loops_ring, first_ration
D:3:      layout_loops_ring, nemelex_xobeh_ov_fountains_minmay,
          nicolae_overflow_crystal_walls, minmay_cupped
D:4:      minmay_angry_zag, layout_basic, lemuel_crystal_altar,
          eat_drink_and_be_merry_uskayaw, uniq_grinder, uniq_menkaure,
          uniq_pikel
D:5:      layout_cave_pods, uniq_eustachio

Skill      XL: |  1  2  3  4  5  6  7  8 |
---------------+-------------------------+-----
Ice Magic      | 4 5 6 8 9 |  9.8
Fighting       | 2 |  2.2
Dodging        | 2 |  2.9
Spellcasting   | 3 |  3.0
Stealth        | |  1.7

Action                   |  1- 3 |  4- 6 |  7- 9 || total
-------------------------+-------+-------+-------++-------
Melee: Unarmed           |    10 |       |       ||    10
       Mace              |    51 |    55 |    29 ||   135
       Quarterstaff      |       |       |    27 ||    27
 Cast: Freeze            |    35 |    22 |    10 ||    67
       Frozen Ramparts   |       |     6 |     6 ||    12
  Use: Scroll            |       |     3 |       ||     3
       Potion            |       |       |     4 ||     4
 Stab: Sleeping          |     4 |     1 |     1 ||     6
  Eat: Chunk             |     3 |     8 |     4 ||    15
Armor: Robe              |    27 |    31 |    39 ||    97
Dodge: Dodged            |    60 |    36 |    45 ||   141
